 Dungeon Crawl Stone Soup version 0.21.1-1-g345015f (webtiles) character file.

15 Supreme the Digger (level 2, 11/16 HPs)
             Began as a Gargoyle Earth Elementalist on Apr 14, 2018.
             Quit the game on level 1 of the Dungeon.
             The game lasted 00:07:13 (493 turns).

Supreme the Digger (Gargoyle Earth Elementalist)     Turns: 493, Time: 00:07:14

Health: 11/16      AC:  4    Str:  5    XL:     2   Next: 50%
Magic:  5/5        EV: 12    Int: 15    God:
Gold:   107        SH:  0    Dex: 10    Spells: 2/5 levels left

rFire    . . .     SeeInvis +   m - +2 hand axe (freeze)
rCold    . . .     Gourm    .   (no shield)
rNeg     + . .     Faith    .   c - +0 robe
rPois    ∞         Spirit   .   (no helmet)
rElec    +         Reflect  .   (no cloak)
rCorr    .         Harm     .   (no gloves)
MR       .....                  (no boots)
Stlth    ++........             (no amulet)
HPRegen  0.05/turn              j - ring of see invisible
MPRegen  0.09/turn              k - -6 ring of strength (curse)

@: no status effects
A: negative energy resistance 1, electricity resistance, unbreathing,
petrification resistance, rot immunity, AC +2
a: no special abilities


You were on level 1 of the Dungeon.
You were not hungry.

You visited 1 branch of the dungeon, and saw 1 of its levels.

You collected 107 gold pieces.

Inventory:

Hand Weapons
 f - a +0 hand axe
 m - a +2 hand axe of freezing (weapon)
Missiles
 b - 93 stones (quivered)
Armour
 c - a +0 robe (worn)
Jewellery
 j - a ring of see invisible (left hand)
 k - a cursed -6 ring of strength (right hand)
Scrolls
 i - a scroll of fear {unknown}
Potions
 g - 2 potions of curing {unknown}
 h - a potion of brilliance {unknown}
 l - a potion of lignification {unknown}
Books
 e - a book of Geomancy

   Spells                             Type                      Level
   a - Sandblast                      Earth                        1
   b - Passwall                       Transmutation/Earth          2
   c - Stone Arrow                    Conjuration/Earth            3
   d - Petrify                        Transmutation/Earth          4
   e - Lee's Rapid Deconstruction     Earth                        5
Comestibles
 a - 3 chunks of flesh
 d - 2 rations


   Skills:
 + Level 0.3 Fighting
 - Level 0.1 Axes
 + Level 1.6 Dodging
 + Level 2.3 Stealth
 + Level 2.2 Spellcasting
 + Level 0.7 Transmutations
 + Level 4.0 Earth Magic


You had 2 spell levels left.
You knew the following spells:

 Your Spells              Type           Power        Failure   Level  Hunger
a - Sandblast             Erth           ##....       4%          1    #......
b - Passwall              Tmut/Erth      #.........   12%         2    ###....


Dungeon Overview and Level Annotations

Branches:
Dungeon (1/15)

Altars:


Innate Abilities, Weirdness & Mutations

You are resistant to torment.
Your stone body is resilient. (AC +2)
You are immune to poison.
You resist negative energy. (rN+)
You are resistant to electric shocks. (rElec)
You can survive without breathing.
You are immune to petrification.
You are immune to rotting.


Message History

You open the door.
There is an open door here.
You open the door.
There is an open door here.
Found a runed hand axe.
A hobgoblin comes into view.
The hobgoblin shouts!
You see here a runed hand axe.
m - a runed hand axe Wield which item (- for none, * to show all)? (? for menu, Esc to quit)
Your +2 hand axe of freezing glows with a cold blue light!
m - a +2 hand axe of freezing (weapon)
Put on which piece of jewellery? (? for menu, Esc to quit)
j - a ring of see invisible (left hand) Put on which piece of jewellery? (? for menu, Esc to quit)
You feel weaker.
Oops, that ring feels deathly cold.
k - a cursed -6 ring of strength (right hand) Unknown command.
Are you sure you want to abandon this character and quit the game? (Confirm with "yes".)

#....# #......# #≈PP≈≈P♣P≈≈.
#....#####.....#######≈♣.≈≈≈≈≈≈≈♣
#....##...........÷.##≈♣♣≈.....≈P
#....##....########..#≈≈≈≈.###.≈≈
.....##....# #..'.....#§#...
#....##############.##≈≈≈≈.###.≈≈
####..............#.##≈♣P≈.....≈.
#############.##.##≈♣P≈≈≈≈≈≈≈P
#@##.##≈PP≈≈P♣♣≈≈P
#.##.##≈PP≈≈♣P♣≈≈♣
#.##.##≈♣♣≈≈♣PP≈≈♣
#.##.##≈PP≈≈P.P≈≈.
#g##.##≈.♣≈≈.♣♣≈≈♣ #.#
#≈PP≈≈P♣♣≈≈♣ #.# #≈♣P≈≈♣♣.≈≈♣ #.#
#≈≈≈≈≈≈≈≈≈≈≈ ############


You could see a hobgoblin.

Vanquished Creatures
  A leopard gecko (D:1)
  3 goblins (D:1)
  4 hobgoblins (D:1)
  2 bats (D:1)
  3 frilled lizards (D:1)
  A kobold (D:1)
14 creatures vanquished.

Notes
Turn   | Place    | Note
-------+----------+-------------------------------------------
     0 | D:1      | Supreme the Gargoyle Earth Elementalist began the quest for the Orb.
     0 | D:1      | Reached XP level 1. HP: 10/10 MP: 3/3
   208 | D:1      | Reached skill level 4 in Earth Magic
   208 | D:1      | Reached XP level 2. HP: 12/15 MP: 1/5
   212 | D:1      | Learned a level 2 spell: Passwall
   493 | D:1      | Quit the game

Skill      XL: |  1 |
---------------+----+-----
Earth Magic    | 4 |  4.0
Fighting       | |  0.3
Axes           | |  0.1
Dodging        | |  1.6
Stealth        | |  2.3
Spellcasting   | |  2.2
Transmutations | |  0.7

Action                   || total
-------------------------++-------
Melee: Hand axe          ||    28
 Cast: Sandblast         ||    15
 Stab: Sleeping          ||     1
Armor: Robe              ||    13
Dodge: Dodged            ||    22
